 Dungeon Crawl Stone Soup version 0.31.0-10-gcf4a605ca0 (webtiles) character file.

Game seed: 7093541241091500652

0 Maffolandro the Gusty (level 1, -1/13 HPs)
             Began as a Human Wanderer on Jan 25, 2024.
             Slain by a quokka (3 damage)
             ... on level 1 of the Dungeon.
             The game lasted 00:01:16 (113 turns).

Maffolandro the Gusty (Human Wanderer)               Turns: 113, Time: 00:01:16

Health: -1/13      AC:  2    Str: 12    XL:     1   Next: 10%
Magic:  0/2        EV: 11    Int: 14    God:
Gold:   32         SH:  0    Dex: 10    Spells: 1/2 levels left

rFire   . . .        a - +0 club
rCold   . . .        (no shield)
rNeg    . . .        c - +0 robe
rPois   .            (no helmet)
rElec   .            (no cloak)
rCorr   .            (no gloves)
SInv    .            (no boots)
Will    .....        (no amulet)
Stlth   +            (no ring)
HPRegen 0.22/turn    (no ring)
MPRegen 0.08/turn

%: no passive effects
@: no status effects
A: explore regen
a: no special abilities


You were on level 1 of the Dungeon.
You visited 1 branch of the dungeon, and saw 1 of its levels.

You collected 32 gold pieces.

Inventory:

Hand Weapons
 a - a +0 club (weapon)
Armour
 c - a +0 robe (worn)
 d - a +0 buckler
Scrolls
 e - a scroll of immolation {unknown}
 f - a scroll of vulnerability {unknown}
Potions
 b - a potion of heal wounds


   Skills:
 - Level 2.0 Armour
 - Level 2.0 Shields
 * Level 1.0 Spellcasting
 - Level 1.0 Necromancy
 - Level 4.0 Air Magic


You had one spell level left.
You knew the following spells:

 Your Spells              Type           Power      Damage    Failure   Level
a - Shock                 Conj/Air       24%        1d4       12%         1

Your spell library contained the following spells:

 Spells                   Type           Power      Damage    Failure   Level
 Mercury Vapours          Alch/Air       12%        N/A       17%         2
 Cigotuvi's Dreadful Rot  Necr/Alch/Air  10%        N/A       21%         2
 Sublimation of Blood     Necr           3%         N/A       26%         2
 Airstrike                Air            5%         2d(1-17)  45%         4


Dungeon Overview and Level Annotations

Branches:
Dungeon (1/15)

Altars:


Innate Abilities, Weirdness & Mutations

You regain HP and MP as you explore.


Message History

The quokka attacks as it pursues you! The quokka bites you.
The quokka barely misses you.
Casting: Shock (safe; 12% risk of failure)
Confirm with . or Enter, or press ? or * to list all spells.
You don't have enough magic to cast this spell.
You closely miss the quokka.
The quokka is heavily wounded.
The quokka bites you.
You hit the quokka but do no damage.
The quokka is heavily wounded.
The quokka bites you. x2
You completely miss the quokka.
The quokka is heavily wounded.
The quokka bites you but does no damage.
You miss the quokka.
The quokka is heavily wounded.
The quokka bites you. The quokka closely misses you.
You closely miss the quokka.
The quokka is heavily wounded.
The quokka bites you.
* * * LOW HITPOINT WARNING * * *
Casting: Shock (safe; 12% risk of failure)
Confirm with . or Enter, or press ? or * to list all spells.
Aiming: Shock (safe; 12% risk of failure)
Press: ? - help, Shift-Dir - straight line The zap hits the quokka.
The quokka is almost dead.
The zap misses the quokka.
The quokka bites you.
* * * LOW HITPOINT WARNING * * *
Unknown command.
Unknown command.
You miss the quokka.
The quokka is almost dead.
The quokka bites you but does no damage.
The quokka barely misses you.
Unknown command.
You closely miss the quokka.
The quokka is almost dead.
The quokka bites you.
You die...

#..#.............#
##.######.######## #.#
#.# #. #.# #.# #. #.#
#.# #r ######.######†#
#. #.............# #.
#.####......).# #.
#.#..r@...##.##
#.##.#.##..###########
#..........###.......##
####.#.##.###.........##
#.#.##.##.....8.....#.
#.#.##.....8..8..8..[.
#.......#...........#
#.#.##..##....<....##
#.......###.......##


You could see a quokka.

Vanquished Creatures
  A frilled lizard (D:1)
1 creature vanquished.

Notes
Turn   | Place    | Note
-------+----------+-------------------------------------------
     0 | D:1      | Maffolandro the Human Wanderer began the quest for the Orb.
     0 | D:1      | Maffolandro set off with the following items: a +0 club, a
                  | potion of heal wounds, a +0 robe, a +0 buckler; and the
                  | following spell memorised: Shock; and the following spells
                  | available to memorise: Mercury Vapours, Cigotuvi's Dreadful
                  | Rot, Sublimation of Blood, Airstrike.
     0 | D:1      | Reached XP level 1. HP: 13/13 MP: 2/2
   113 | D:1      | Slain by a quokka

Illustrated notes

Levels and vault maps discovered:
D:1:      dreamdust_arrival_beginning_and_end, layout_loops_ring,
          serial_aquarium, aquarium_bridge_square [aquarium_subvault_window,
          aquarium_subvault_bridge, aquarium_subvault_window,
          aquarium_subvault_bridge], aquarium_bridge_square
          [aquarium_subvault_window, aquarium_subvault_wall,
          aquarium_subvault_bridge, aquarium_subvault_bridge],
          aquarium_window_double, aquarium_window_2, aquarium_window_1,
          aquarium_window_corner, aquarium_view_2d, aquarium_balcony_3b

Action                     || total
---------------------------++-------
  Melee: Club              ||     7
   Cast: Shock             ||     4
 Armour: Robe              ||    10
  Dodge: Dodged            ||     3
